[ AOE2 MATCH · #469641733 ]
UnrankedWei vs Italians
[ REPLAY ANALYSIS · EXTRACTED FROM THE RECORDED GAME ]
Feudal
13:36
Castle
19:41
Imperial
—
| APM avg | 59.7 |
| APM peak | 104 |
| eAPM avg | 36.6 |
| Villagers / military | 117 / 7 |
Focus
⚔️ 32.6% · 🌾 67.4%
Fishing Ship ×25 · Unknown (1952) ×9 · Mangonel ×4 · Spearman ×3 · Trade Cog ×2 · Unknown (2626) ×2
Feudal
14:55
Castle
18:53
Imperial
30:56
| APM avg | 43.3 |
| APM peak | 94 |
| eAPM avg | 17.0 |
| Villagers / military | 53 / 36 |
Focus
⚔️ 25.1% · 🌾 74.9%
Genoese Crossbowman ×28 · Fishing Ship ×16 · Battering Ram ×5 · Mangonel ×3
Feudal
13:08
Castle
16:58
Imperial
—
| APM avg | 53.3 |
| APM peak | 102 |
| eAPM avg | 21.1 |
| Villagers / military | 85 / 50 |
Focus
⚔️ 29.6% · 🌾 70.4%
Janissary ×41 · Fishing Ship ×15 · Mangonel ×4 · Fire Galley ×4 · Unknown (2626) ×2 · Monk ×1
Feudal
11:20
Castle
21:24
Imperial
—
| APM avg | 61.9 |
| APM peak | 98 |
| eAPM avg | 19.0 |
| Villagers / military | 70 / 24 |
Focus
⚔️ 27.3% · 🌾 72.7%
Unknown (2626) ×18 · Camel Archer ×16 · Galley ×5 · Fishing Ship ×4 · Demolition Raft ×3
Feudal
12:23
Castle
21:48
Imperial
—
| APM avg | 49.9 |
| APM peak | 97 |
| eAPM avg | 25.2 |
| Villagers / military | 106 / 27 |
Focus
⚔️ 26.1% · 🌾 73.9%
Fire Galley ×23 · Fishing Ship ×10 · Unknown (2626) ×8 · Camel Scout ×4
Feudal
12:44
Castle
17:01
Imperial
—
| APM avg | 41.6 |
| APM peak | 71 |
| eAPM avg | 18.9 |
| Villagers / military | 84 / 29 |
Focus
⚔️ 29.7% · 🌾 70.3%
Galley ×18 · Fishing Ship ×11 · Mameluke ×5 · Mangonel ×5 · Monk ×1
Feudal
12:06
Castle
23:22
Imperial
—
| APM avg | 55.0 |
| APM peak | 119 |
| eAPM avg | 20.1 |
| Villagers / military | 45 / 16 |
Focus
⚔️ 44.8% · 🌾 55.2%
Shrivamsha Rider ×8 · Scout Cavalry ×7 · Fishing Ship ×4 · Unknown (2626) ×2 · Camel Scout ×1
Feudal
13:28
Castle
17:21
Imperial
—
| APM avg | 50.5 |
| APM peak | 69 |
| eAPM avg | 29.3 |
| Villagers / military | 138 / 25 |
Focus
⚔️ 31.8% · 🌾 68.2%
Unknown (2626) ×30 · Fishing Ship ×29 · Fire Galley ×23 · Transport Ship ×2
Match map
Initial resources + every placement click. Lines = walls · curves = elevation contours. ◆ gold · ⬟ stone · ● berries · ✦ relic · ◌ wall gap
Your base· Open — 3t gap
Thunder's base· Open — 12t gap
我本邪恶's base· Open — 13t gap
VIPN@U's base· Open — 14t gap
3046964519's base· Open — unwalled flank
OX's base· Open — 6t gap
Overcat's base· Open — 7t gap
CC's base· Open — 5t gap
Smoothed initial terrain · ◌ = detected wall gap · hover for details
Inputs per minute
— Kanon - - Thunder
Build order — Kanon
First 150 of 301 actions detected
| 0:04 | Build | House |
| 0:26 | Build | Town Center |
| 1:40 | Build | Dock |
| 2:45 | Create | Villager (Male) |
| 2:45 | Create | Villager (Male) |
| 2:46 | Create | Villager (Male) |
| 2:46 | Create | Villager (Male) |
| 3:46 | Create | Fishing Ship |
| 3:47 | Create | Fishing Ship |
| 4:15 | Create | Villager (Male) |
| 4:16 | Create | Villager (Male) |
| 4:31 | Build | House |
| 4:36 | Research | Loom |
| 5:00 | Build | House |
| 5:15 | Create | Villager (Male) |
| 5:16 | Create | Villager (Male) |
| 5:16 | Create | Fishing Ship |
| 5:17 | Create | Fishing Ship |
| 5:38 | Create | Villager (Male) |
| 5:38 | Create | Villager (Male) |
| 6:07 | Create | Villager (Male) |
| 6:08 | Create | Villager (Male) |
| 6:16 | Build | Palisade Wall |
| 6:19 | Build | Palisade Wall |
| 6:27 | Create | Fishing Ship |
| 6:31 | Create | Villager (Male) |
| 6:31 | Create | Villager (Male) |
| 6:41 | Build | House |
| 6:47 | Build | Palisade Wall |
| 7:05 | Create | Villager (Male) |
| 7:05 | Create | Villager (Male) |
| 7:31 | Create | Fishing Ship |
| 7:36 | Build | House |
| 7:40 | Create | Villager (Male) |
| 7:40 | Create | Villager (Male) |
| 7:59 | Create | Villager (Male) |
| 8:05 | Create | Fishing Ship |
| 8:22 | Create | Villager (Male) |
| 8:37 | Create | Villager (Male) |
| 8:38 | Create | Fishing Ship |
| 8:54 | Build | House |
| 8:59 | Create | Villager (Male) |
| 9:25 | Create | Villager (Male) |
| 9:30 | Build | Mill |
| 9:44 | Build | House |
| 9:52 | Create | Fishing Ship |
| 10:04 | Create | Villager (Male) |
| 10:13 | Build | Palisade Wall |
| 10:14 | Build | Palisade Wall |
| 10:14 | Build | Palisade Wall |
| 10:17 | Build | Palisade Wall |
| 10:18 | Build | Palisade Wall |
| 10:19 | Build | Palisade Wall |
| 10:20 | Build | Palisade Wall |
| 10:20 | Build | Palisade Wall |
| 10:20 | Build | Palisade Wall |
| 10:36 | Create | Villager (Male) |
| 10:49 | Create | Fishing Ship |
| 11:01 | Create | Villager (Male) |
| 11:24 | Research | Feudal Age |
| 11:27 | Create | Fishing Ship |
| 12:15 | Build | Dock |
| 12:20 | Create | Villager (Male) |
| 12:41 | Build | House |
| 13:14 | Build | Barracks |
| 13:32 | Create | Villager (Male) |
| 13:36 | Age | Feudal Age |
| 13:46 | Build | Mining Camp |
| 14:01 | Research | Tech 906 |
| 14:01 | Research | Tech 906 |
| 14:15 | Create | Villager (Male) |
| 14:29 | Research | Horse Collar |
| 14:36 | Create | Villager (Male) |
| 14:36 | Create | Villager (Male) |
| 14:40 | Research | Wheelbarrow |
| 14:42 | Create | Villager (Male) |
| 14:57 | Build | House |
| 15:08 | Build | Palisade Wall |
| 15:10 | Create | Spearman |
| 15:21 | Build | Palisade Wall |
| 15:26 | Build | Palisade Wall |
| 15:27 | Build | Palisade Wall |
| 15:28 | Build | Palisade Wall |
| 15:30 | Build | Palisade Wall |
| 15:34 | Build | Palisade Wall |
| 15:39 | Build | Palisade Wall |
| 15:46 | Build | Archery Range |
| 15:47 | Create | Spearman |
| 15:54 | Create | Villager (Male) |
| 16:03 | Build | Palisade Wall |
| 16:04 | Build | Palisade Wall |
| 16:10 | Create | Villager (Male) |
| 16:17 | Build | Blacksmith |
| 16:38 | Research | Town Watch |
| 16:38 | Research | Town Watch |
| 16:53 | Research | Castle Age |
| 16:53 | Research | Castle Age |
| 17:01 | Build | Archery Range |
| 17:13 | Build | Palisade Wall |
| 17:14 | Build | Palisade Wall |
| 17:16 | Build | Palisade Wall |
| 17:16 | Build | Palisade Wall |
| 17:19 | Build | Palisade Wall |
| 17:20 | Build | Palisade Wall |
| 17:21 | Build | Palisade Wall |
| 17:30 | Build | Lumber Camp |
| 17:47 | Research | Fletching |
| 17:51 | Create | Fishing Ship |
| 17:52 | Create | Fishing Ship |
| 17:56 | Research | Double-Bit Axe |
| 17:57 | Research | Double-Bit Axe |
| 18:17 | Research | Gold Mining |
| 18:17 | Research | Gold Mining |
| 18:22 | Create | Villager (Male) |
| 18:32 | Create | Fishing Ship |
| 18:32 | Create | Fishing Ship |
| 18:45 | Build | House |
| 19:02 | Create | Villager (Male) |
| 19:04 | Create | Spearman |
| 19:41 | Age | Castle Age |
| 19:42 | Build | Town Center |
| 19:59 | Research | Bow Saw |
| 20:02 | Research | Bodkin Arrow |
| 20:03 | Research | Bodkin Arrow |
| 20:05 | Build | Palisade Wall |
| 20:07 | Build | Palisade Wall |
| 20:26 | Create | Villager (Male) |
| 20:26 | Create | Villager (Male) |
| 20:33 | Create | Unit 1952 |
| 20:34 | Create | Unit 1952 |
| 20:39 | Create | Villager (Male) |
| 20:40 | Create | Villager (Male) |
| 20:52 | Build | House |
| 20:59 | Create | Unit 1952 |
| 20:59 | Create | Unit 1952 |
| 21:00 | Create | Villager (Male) |
| 21:00 | Create | Villager (Male) |
| 21:01 | Create | Unit 1952 |
| 21:06 | Build | House |
| 21:26 | Build | House |
| 21:27 | Build | House |
| 21:29 | Create | Trade Cog |
| 21:38 | Create | Unit 1952 |
| 21:38 | Create | Unit 1952 |
| 21:39 | Create | Villager (Male) |
| 21:39 | Create | Villager (Male) |
| 21:57 | Create | Villager (Male) |
| 21:58 | Create | Villager (Male) |
| 21:58 | Create | Villager (Male) |
| 22:02 | Build | Town Center |
Build order — Thunder
First 150 of 168 actions detected
| 0:45 | Build | Town Center |
| 1:47 | Build | Dock |
| 3:14 | Create | Villager (Male) |
| 3:14 | Create | Villager (Male) |
| 3:14 | Create | Villager (Male) |
| 3:14 | Create | Villager (Male) |
| 3:54 | Build | House |
| 3:58 | Research | Loom |
| 4:05 | Create | Villager (Male) |
| 4:05 | Create | Villager (Male) |
| 4:05 | Create | Villager (Male) |
| 4:15 | Build | House |
| 4:53 | Create | Fishing Ship |
| 4:53 | Create | Fishing Ship |
| 4:53 | Create | Fishing Ship |
| 5:05 | Create | Villager (Male) |
| 5:05 | Create | Villager (Male) |
| 5:25 | Create | Villager (Male) |
| 6:05 | Create | Villager (Male) |
| 6:05 | Create | Villager (Male) |
| 6:16 | Create | Fishing Ship |
| 6:16 | Create | Fishing Ship |
| 6:17 | Create | Villager (Male) |
| 6:18 | Create | Villager (Male) |
| 6:58 | Build | Palisade Wall |
| 7:01 | Build | Palisade Wall |
| 7:14 | Build | Palisade Wall |
| 7:23 | Create | Villager (Male) |
| 7:23 | Create | Villager (Male) |
| 7:24 | Create | Fishing Ship |
| 7:24 | Create | Fishing Ship |
| 7:24 | Create | Fishing Ship |
| 7:45 | Create | Villager (Male) |
| 7:45 | Create | Villager (Male) |
| 8:01 | Build | House |
| 8:30 | Create | Villager (Male) |
| 8:30 | Create | Villager (Male) |
| 8:32 | Create | Fishing Ship |
| 8:32 | Create | Fishing Ship |
| 8:56 | Create | Fishing Ship |
| 8:56 | Create | Fishing Ship |
| 9:09 | Create | Villager (Male) |
| 9:18 | Build | House |
| 9:46 | Build | House |
| 9:49 | Create | Villager (Male) |
| 9:49 | Create | Villager (Male) |
| 10:14 | Create | Fishing Ship |
| 10:20 | Build | House |
| 10:22 | Build | Palisade Wall |
| 10:27 | Build | Palisade Wall |
| 10:49 | Create | Villager (Male) |
| 10:49 | Create | Villager (Male) |
| 10:54 | Create | Fishing Ship |
| 11:27 | Create | Villager (Male) |
| 11:56 | Build | Mining Camp |
| 12:05 | Build | Mining Camp |
| 12:11 | Create | Villager (Male) |
| 12:28 | Research | Feudal Age |
| 12:28 | Research | Feudal Age |
| 13:03 | Create | Fishing Ship |
| 13:28 | Build | Palisade Wall |
| 14:12 | Create | Villager (Male) |
| 14:13 | Create | Villager (Male) |
| 14:33 | Create | Fishing Ship |
| 14:39 | Build | Mill |
| 14:44 | Build | Mill |
| 14:55 | Age | Feudal Age |
| 14:58 | Build | Blacksmith |
| 15:04 | Create | Villager (Male) |
| 15:19 | Build | Market |
| 15:28 | Build | House |
| 15:32 | Build | Palisade Wall |
| 15:33 | Build | Palisade Wall |
| 15:36 | Build | Palisade Wall |
| 15:37 | Build | Palisade Wall |
| 15:39 | Build | Palisade Wall |
| 15:40 | Build | Palisade Wall |
| 15:42 | Build | Palisade Wall |
| 16:13 | Research | Castle Age |
| 16:35 | Build | Lumber Camp |
| 17:06 | Research | Fletching |
| 17:14 | Research | Double-Bit Axe |
| 17:43 | Create | Villager (Male) |
| 17:43 | Create | Villager (Male) |
| 18:26 | Build | House |
| 18:32 | Research | Gold Mining |
| 18:53 | Age | Castle Age |
| 18:56 | Build | Castle |
| 18:59 | Research | Bodkin Arrow |
| 19:10 | Build | Siege Workshop |
| 19:21 | Create | Villager (Male) |
| 19:50 | Create | Genoese Crossbowman |
| 19:50 | Create | Genoese Crossbowman |
| 19:50 | Create | Genoese Crossbowman |
| 20:05 | Create | Villager (Male) |
| 20:06 | Create | Villager (Male) |
| 20:06 | Create | Villager (Male) |
| 20:18 | Build | Palisade Wall |
| 20:20 | Create | Villager (Male) |
| 20:21 | Create | Villager (Male) |
| 20:47 | Research | Padded Archer Armor |
| 20:47 | Research | Padded Archer Armor |
| 20:50 | Create | Battering Ram |
| 20:50 | Create | Battering Ram |
| 21:06 | Create | Genoese Crossbowman |
| 21:06 | Create | Genoese Crossbowman |
| 21:23 | Create | Genoese Crossbowman |
| 21:23 | Create | Genoese Crossbowman |
| 21:41 | Create | Genoese Crossbowman |
| 21:41 | Create | Genoese Crossbowman |
| 21:41 | Create | Genoese Crossbowman |
| 21:42 | Create | Villager (Male) |
| 21:42 | Create | Villager (Male) |
| 22:00 | Create | Genoese Crossbowman |
| 22:00 | Create | Genoese Crossbowman |
| 22:00 | Create | Genoese Crossbowman |
| 22:23 | Create | Genoese Crossbowman |
| 22:23 | Create | Genoese Crossbowman |
| 22:23 | Create | Genoese Crossbowman |
| 23:09 | Create | Genoese Crossbowman |
| 23:09 | Create | Genoese Crossbowman |
| 23:09 | Create | Villager (Male) |
| 23:10 | Create | Villager (Male) |
| 23:42 | Create | Battering Ram |
| 23:43 | Create | Battering Ram |
| 23:43 | Create | Battering Ram |
| 23:44 | Create | Villager (Male) |
| 23:44 | Create | Villager (Male) |
| 23:44 | Create | Villager (Male) |
| 23:45 | Create | Villager (Male) |
| 24:01 | Create | Genoese Crossbowman |
| 24:01 | Create | Genoese Crossbowman |
| 24:01 | Create | Genoese Crossbowman |
| 24:02 | Create | Genoese Crossbowman |
| 24:21 | Create | Mangonel |
| 24:21 | Create | Mangonel |
| 24:29 | Create | Villager (Male) |
| 24:51 | Research | Horse Collar |
| 24:55 | Build | Farm |
| 24:55 | Build | Farm |
| 24:55 | Build | Farm |
| 24:55 | Build | Farm |
| 24:57 | Build | House |
| 24:58 | Build | House |
| 24:58 | Build | House |
| 24:58 | Build | House |
| 24:58 | Build | House |
| 25:15 | Create | Mangonel |
| 25:29 | Create | Genoese Crossbowman |
| 25:29 | Create | Genoese Crossbowman |
Build order — 我本邪恶
First 150 of 215 actions detected
| 0:05 | Build | Town Center |
| 0:08 | Build | House |
| 1:16 | Build | Dock |
| 2:28 | Create | Villager (Male) |
| 2:28 | Create | Villager (Male) |
| 2:28 | Create | Villager (Male) |
| 2:28 | Create | Villager (Male) |
| 3:34 | Create | Fishing Ship |
| 3:50 | Create | Villager (Male) |
| 3:58 | Build | House |
| 4:33 | Research | Loom |
| 4:33 | Research | Loom |
| 4:56 | Create | Fishing Ship |
| 4:57 | Create | Villager (Male) |
| 5:31 | Create | Villager (Male) |
| 5:43 | Build | House |
| 5:53 | Create | Villager (Male) |
| 5:53 | Create | Fishing Ship |
| 5:53 | Create | Fishing Ship |
| 6:16 | Create | Villager (Male) |
| 6:46 | Create | Fishing Ship |
| 6:47 | Create | Fishing Ship |
| 6:48 | Create | Villager (Male) |
| 6:48 | Create | Villager (Male) |
| 6:54 | Build | House |
| 7:17 | Create | Villager (Male) |
| 7:28 | Create | Fishing Ship |
| 7:41 | Create | Villager (Male) |
| 7:41 | Create | Villager (Male) |
| 8:00 | Create | Fishing Ship |
| 8:01 | Create | Fishing Ship |
| 8:02 | Create | Villager (Male) |
| 8:09 | Create | Villager (Male) |
| 8:13 | Build | House |
| 8:28 | Create | Fishing Ship |
| 8:40 | Create | Villager (Male) |
| 8:52 | Create | Villager (Male) |
| 8:54 | Create | Fishing Ship |
| 9:11 | Create | Villager (Male) |
| 9:19 | Create | Villager (Male) |
| 9:19 | Create | Villager (Male) |
| 9:32 | Build | Mill |
| 9:40 | Create | Villager (Male) |
| 9:43 | Build | House |
| 10:24 | Build | Mining Camp |
| 10:31 | Create | Villager (Male) |
| 10:51 | Research | Feudal Age |
| 10:51 | Research | Feudal Age |
| 10:54 | Build | Mining Camp |
| 11:42 | Build | Dock |
| 12:04 | Create | Villager (Male) |
| 12:04 | Create | Villager (Male) |
| 13:08 | Age | Feudal Age |
| 13:18 | Build | Blacksmith |
| 13:24 | Research | Town Watch |
| 13:24 | Research | Town Watch |
| 13:31 | Build | Market |
| 14:18 | Research | Castle Age |
| 14:20 | Build | Lumber Camp |
| 14:32 | Create | Fire Galley |
| 14:44 | Build | House |
| 15:06 | Research | Double-Bit Axe |
| 15:06 | Research | Double-Bit Axe |
| 15:19 | Create | Fire Galley |
| 15:36 | Research | Tech 906 |
| 15:59 | Create | Fire Galley |
| 16:34 | Build | House |
| 16:47 | Create | Villager (Male) |
| 16:47 | Create | Villager (Male) |
| 16:58 | Age | Castle Age |
| 17:06 | Build | Castle |
| 17:16 | Research | Padded Archer Armor |
| 17:16 | Research | Padded Archer Armor |
| 17:22 | Research | Bow Saw |
| 17:23 | Create | Villager (Male) |
| 17:57 | Create | Villager (Male) |
| 17:57 | Create | Villager (Male) |
| 18:04 | Build | Town Center |
| 18:20 | Create | Janissary |
| 18:21 | Create | Janissary |
| 18:36 | Create | Fire Galley |
| 18:39 | Create | Janissary |
| 18:40 | Create | Janissary |
| 18:40 | Create | Janissary |
| 18:43 | Create | Villager (Male) |
| 18:46 | Create | Villager (Male) |
| 18:49 | Build | Dock |
| 19:01 | Create | Unit 2626 |
| 19:01 | Create | Unit 2626 |
| 19:09 | Create | Janissary |
| 19:24 | Create | Villager (Male) |
| 19:41 | Build | House |
| 19:52 | Create | Janissary |
| 19:52 | Create | Janissary |
| 19:53 | Create | Janissary |
| 20:24 | Create | Janissary |
| 20:24 | Create | Janissary |
| 20:25 | Create | Janissary |
| 20:27 | Build | Farm |
| 20:28 | Build | Farm |
| 20:29 | Build | Farm |
| 20:30 | Create | Villager (Male) |
| 20:30 | Create | Villager (Male) |
| 20:42 | Build | Farm |
| 20:43 | Build | Farm |
| 20:48 | Build | Farm |
| 20:48 | Create | Villager (Male) |
| 20:49 | Create | Villager (Male) |
| 21:02 | Create | Villager (Male) |
| 21:03 | Create | Villager (Male) |
| 21:12 | Create | Janissary |
| 21:12 | Create | Janissary |
| 21:25 | Create | Villager (Male) |
| 21:25 | Create | Villager (Male) |
| 21:31 | Build | Siege Workshop |
| 21:32 | Create | Villager (Male) ×2 |
| 21:33 | Create | Villager (Male) ×2 |
| 21:41 | Create | Villager (Male) |
| 21:46 | Create | Janissary |
| 21:46 | Create | Janissary |
| 21:46 | Create | Janissary |
| 22:00 | Build | Farm |
| 22:00 | Build | Farm |
| 22:01 | Create | Villager (Male) |
| 22:12 | Create | Villager (Male) ×3 |
| 22:25 | Create | Janissary |
| 22:26 | Create | Janissary |
| 22:28 | Create | Mangonel |
| 22:29 | Build | House |
| 22:42 | Create | Villager (Male) ×2 |
| 23:12 | Create | Mangonel |
| 23:19 | Create | Janissary |
| 23:19 | Create | Janissary |
| 23:19 | Create | Janissary |
| 23:21 | Build | House |
| 23:42 | Create | Villager (Male) ×2 |
| 23:47 | Create | Villager (Male) |
| 24:01 | Build | House |
| 24:08 | Research | Leather Archer Armor |
| 24:14 | Build | Farm |
| 24:15 | Build | Farm |
| 24:19 | Build | Farm |
| 24:20 | Build | Farm |
| 24:24 | Research | Horse Collar |
| 24:24 | Research | Horse Collar |
| 24:34 | Create | Mangonel |
| 25:00 | Create | Mangonel |
| 25:07 | Create | Janissary |
| 25:10 | Build | Outpost |
| 25:11 | Create | Villager (Male) ×3 |
Build order — VIPN@U
First 150 of 186 actions detected
| 0:04 | Build | Town Center |
| 0:34 | Build | Dock |
| 1:28 | Build | House |
| 2:28 | Create | Villager (Male) |
| 2:29 | Create | Villager (Male) |
| 2:30 | Create | Villager (Male) |
| 2:30 | Create | Villager (Male) |
| 3:27 | Create | Fishing Ship |
| 3:42 | Create | Villager (Male) |
| 3:42 | Create | Villager (Male) |
| 4:16 | Build | House |
| 4:27 | Create | Villager (Male) |
| 4:28 | Create | Villager (Male) |
| 4:37 | Build | Palisade Wall |
| 4:47 | Create | Villager (Male) |
| 4:48 | Create | Villager (Male) |
| 5:13 | Create | Villager (Male) |
| 5:13 | Create | Villager (Male) |
| 5:22 | Create | Fishing Ship |
| 5:45 | Create | Villager (Male) |
| 5:45 | Create | Villager (Male) |
| 5:47 | Build | House |
| 6:04 | Create | Villager (Male) |
| 6:04 | Create | Villager (Male) |
| 6:30 | Create | Fishing Ship |
| 6:35 | Create | Villager (Male) |
| 6:35 | Create | Villager (Male) |
| 6:43 | Create | Villager (Male) |
| 6:43 | Create | Villager (Male) |
| 6:57 | Build | Palisade Wall |
| 7:02 | Build | Palisade Wall |
| 7:10 | Build | House |
| 7:14 | Build | House |
| 7:17 | Create | Villager (Male) |
| 7:22 | Create | Villager (Male) |
| 7:22 | Create | Fishing Ship |
| 7:28 | Create | Villager (Male) |
| 8:00 | Build | Lumber Camp |
| 8:20 | Build | House |
| 8:44 | Create | Villager (Male) |
| 9:10 | Research | Feudal Age |
| 10:09 | Build | Dock |
| 10:10 | Create | Villager (Male) |
| 10:24 | Build | House |
| 11:20 | Age | Feudal Age |
| 11:22 | Create | Galley |
| 11:23 | Create | Galley |
| 11:28 | Create | Villager (Male) |
| 11:30 | Build | Mining Camp |
| 11:49 | Create | Villager (Male) |
| 12:07 | Build | Blacksmith |
| 12:14 | Create | Villager (Male) |
| 12:19 | Build | House |
| 12:29 | Create | Galley |
| 12:56 | Research | Fletching |
| 13:04 | Create | Villager (Male) |
| 13:08 | Build | House |
| 13:13 | Create | Galley |
| 13:16 | Create | Villager (Male) |
| 13:18 | Build | House |
| 13:49 | Create | Unit 2626 |
| 13:50 | Create | Villager (Male) |
| 14:01 | Create | Unit 2626 |
| 14:14 | Create | Villager (Male) |
| 14:27 | Create | Villager (Male) |
| 15:01 | Create | Unit 2626 |
| 15:16 | Create | Villager (Male) |
| 15:18 | Build | Mining Camp |
| 15:20 | Create | Galley |
| 15:29 | Create | Unit 2626 |
| 15:50 | Create | Villager (Male) |
| 15:59 | Create | Villager (Male) |
| 16:26 | Create | Villager (Male) |
| 16:32 | Build | Mill |
| 16:50 | Create | Villager (Male) |
| 17:41 | Research | Loom |
| 17:48 | Build | Market |
| 17:57 | Create | Unit 2626 |
| 17:57 | Create | Unit 2626 |
| 18:02 | Build | House |
| 18:44 | Research | Castle Age |
| 18:54 | Build | House |
| 19:14 | Create | Unit 2626 |
| 19:21 | Create | Unit 2626 |
| 19:24 | Create | Unit 2626 |
| 19:25 | Create | Unit 2626 |
| 19:50 | Create | Villager (Male) |
| 20:05 | Create | Unit 2626 |
| 20:20 | Build | Dock |
| 20:58 | Create | Unit 2626 |
| 20:58 | Create | Unit 2626 |
| 21:13 | Build | House |
| 21:15 | Build | Dock |
| 21:24 | Age | Castle Age |
| 21:34 | Research | War Galley (upgrade) |
| 21:38 | Create | Villager (Male) |
| 22:00 | Create | Unit 2626 |
| 22:10 | Create | Unit 2626 |
| 22:15 | Create | Unit 2626 |
| 22:24 | Create | Villager (Male) |
| 22:25 | Create | Villager (Male) |
| 22:26 | Build | Castle |
| 22:34 | Build | House |
| 22:35 | Create | Unit 2626 |
| 22:54 | Build | Farm |
| 22:59 | Create | Unit 2626 |
| 23:05 | Create | Villager (Male) |
| 23:09 | Build | Farm |
| 23:15 | Create | Villager (Male) |
| 23:16 | Build | Farm |
| 23:39 | Build | Farm |
| 23:40 | Build | Farm |
| 23:40 | Create | Villager (Male) |
| 24:04 | Create | Demolition Raft |
| 24:05 | Create | Demolition Raft |
| 24:12 | Build | Farm |
| 24:33 | Create | Demolition Raft |
| 24:35 | Create | Villager (Male) |
| 24:49 | Create | Camel Archer |
| 25:00 | Build | Town Center |
| 25:12 | Build | Farm |
| 25:33 | Research | Bodkin Arrow |
| 25:34 | Research | Bodkin Arrow |
| 25:35 | Create | Camel Archer |
| 25:47 | Create | Camel Archer |
| 25:56 | Create | Villager (Male) |
| 26:01 | Create | Camel Archer |
| 26:04 | Create | Villager (Male) |
| 26:04 | Create | Villager (Male) |
| 26:05 | Build | Farm |
| 26:09 | Research | Double-Bit Axe |
| 26:26 | Build | Farm |
| 26:27 | Create | Camel Archer |
| 26:32 | Create | Villager (Male) |
| 26:32 | Create | Villager (Male) |
| 27:00 | Create | Villager (Male) |
| 27:06 | Research | Horse Collar |
| 27:13 | Create | Camel Archer |
| 27:24 | Create | Villager (Male) |
| 27:25 | Research | Town Watch |
| 27:34 | Create | Villager (Male) |
| 27:51 | Create | Camel Archer |
| 27:53 | Create | Villager (Male) |
| 27:54 | Build | Farm |
| 27:58 | Create | Villager (Male) |
| 28:00 | Build | University |
| 28:21 | Create | Villager (Male) |
| 28:21 | Create | Camel Archer |
| 28:23 | Build | House |
| 28:33 | Create | Villager (Male) |
Build order — 3046964519
First 150 of 286 actions detected
| 0:24 | Build | Town Center |
| 1:15 | Build | Dock |
| 1:17 | Build | House |
| 2:41 | Create | Villager (Male) |
| 2:42 | Create | Villager (Male) |
| 2:42 | Create | Villager (Male) |
| 2:42 | Create | Villager (Male) |
| 2:43 | Create | Villager (Male) |
| 3:31 | Create | Villager (Male) |
| 3:50 | Create | Fishing Ship |
| 3:50 | Create | Fishing Ship |
| 4:03 | Build | House |
| 4:47 | Research | Loom |
| 5:01 | Create | Fishing Ship |
| 5:01 | Create | Fishing Ship |
| 5:03 | Create | Villager (Male) |
| 5:23 | Create | Villager (Male) |
| 5:23 | Create | Villager (Male) |
| 5:58 | Create | Villager (Male) |
| 5:58 | Create | Villager (Male) |
| 6:00 | Create | Fishing Ship |
| 6:00 | Create | Fishing Ship |
| 6:11 | Build | House |
| 6:27 | Create | Villager (Male) |
| 6:28 | Create | Villager (Male) |
| 6:41 | Create | Villager (Male) |
| 7:04 | Create | Fishing Ship |
| 7:04 | Create | Fishing Ship |
| 7:31 | Build | House |
| 7:34 | Create | Villager (Male) |
| 7:34 | Create | Villager (Male) |
| 7:45 | Build | House |
| 8:05 | Create | Villager (Male) |
| 8:05 | Create | Villager (Male) |
| 8:05 | Create | Villager (Male) |
| 8:06 | Create | Villager (Male) |
| 8:18 | Create | Fishing Ship |
| 8:34 | Build | Lumber Camp |
| 8:44 | Build | House |
| 8:56 | Create | Villager (Male) |
| 9:16 | Create | Fishing Ship |
| 9:40 | Create | Villager (Male) |
| 10:02 | Research | Feudal Age |
| 10:02 | Research | Feudal Age |
| 10:02 | Research | Feudal Age |
| 10:15 | Build | Mining Camp |
| 11:10 | Build | Dock |
| 11:52 | Create | Villager (Male) |
| 11:53 | Create | Villager (Male) |
| 12:00 | Build | House |
| 12:07 | Build | Dock |
| 12:21 | Create | Villager (Male) |
| 12:23 | Age | Feudal Age |
| 12:25 | Create | Unit 2626 |
| 12:25 | Create | Unit 2626 |
| 12:28 | Research | Double-Bit Axe |
| 12:28 | Research | Double-Bit Axe |
| 12:46 | Create | Unit 2626 |
| 12:49 | Create | Villager (Male) |
| 12:57 | Build | House |
| 12:58 | Build | House |
| 13:02 | Create | Villager (Male) |
| 13:23 | Create | Unit 2626 |
| 13:23 | Create | Unit 2626 |
| 13:34 | Create | Unit 2626 |
| 13:43 | Create | Villager (Male) |
| 13:50 | Build | House |
| 14:15 | Create | Unit 2626 |
| 14:15 | Create | Unit 2626 |
| 14:33 | Create | Fire Galley |
| 14:33 | Create | Fire Galley |
| 14:59 | Create | Villager (Male) |
| 14:59 | Create | Villager (Male) |
| 14:59 | Create | Villager (Male) |
| 15:04 | Create | Fire Galley |
| 15:04 | Create | Fire Galley |
| 15:06 | Build | House |
| 15:09 | Build | Palisade Wall |
| 15:27 | Create | Villager (Male) |
| 15:29 | Create | Fire Galley |
| 15:29 | Create | Fire Galley |
| 15:40 | Create | Villager (Male) |
| 15:48 | Build | Mill |
| 15:57 | Create | Villager (Male) |
| 16:07 | Create | Fire Galley |
| 16:07 | Create | Fire Galley |
| 16:27 | Create | Fire Galley |
| 16:28 | Create | Fire Galley |
| 16:53 | Create | Villager (Male) |
| 16:56 | Build | Blacksmith |
| 16:59 | Build | Market |
| 17:42 | Create | Villager (Male) |
| 18:07 | Create | Fire Galley |
| 18:08 | Create | Fire Galley |
| 18:08 | Create | Fire Galley |
| 19:08 | Research | Castle Age |
| 19:08 | Research | Castle Age |
| 19:35 | Research | Gold Mining |
| 19:36 | Research | Gold Mining |
| 19:52 | Build | Lumber Camp |
| 20:01 | Create | Fire Galley |
| 20:01 | Create | Fire Galley |
| 20:01 | Create | Fire Galley |
| 20:23 | Create | Villager (Male) |
| 20:46 | Research | Tech 906 |
| 20:46 | Research | Tech 906 |
| 20:47 | Create | Fire Galley |
| 20:52 | Create | Villager (Male) |
| 21:01 | Create | Fire Galley |
| 21:02 | Create | Fire Galley |
| 21:07 | Build | House |
| 21:08 | Build | House |
| 21:12 | Build | House |
| 21:37 | Build | Palisade Wall |
| 21:43 | Build | Palisade Gate |
| 21:48 | Age | Castle Age |
| 21:54 | Research | War Galley (upgrade) |
| 21:54 | Research | War Galley (upgrade) |
| 22:01 | Build | Town Center |
| 22:10 | Build | University |
| 22:20 | Create | Villager (Male) |
| 22:28 | Build | Town Center |
| 22:35 | Create | Villager (Male) |
| 22:39 | Research | Bow Saw |
| 22:39 | Research | Bow Saw |
| 23:00 | Create | Villager (Male) |
| 23:04 | Research | Careening |
| 23:04 | Research | Careening |
| 23:07 | Research | Tech 908 |
| 23:08 | Research | Tech 908 |
| 23:11 | Create | Villager (Male) |
| 23:12 | Create | Villager (Male) |
| 23:13 | Create | Villager (Male) |
| 23:41 | Create | Fire Galley |
| 23:41 | Create | Fire Galley |
| 23:41 | Create | Fire Galley |
| 23:41 | Create | Fire Galley |
| 24:04 | Create | Villager (Male) |
| 24:05 | Create | Villager (Male) |
| 24:06 | Create | Villager (Male) |
| 24:06 | Create | Villager (Male) |
| 24:07 | Create | Villager (Male) |
| 24:07 | Create | Villager (Male) |
| 24:27 | Create | Villager (Male) |
| 24:27 | Create | Villager (Male) |
| 24:45 | Create | Villager (Male) |
| 24:47 | Create | Villager (Male) |
| 24:49 | Build | Farm |
| 24:50 | Build | Farm |
| 24:50 | Build | Farm |
Build order — OX
First 150 of 209 actions detected
| 0:21 | Build | Town Center |
| 0:24 | Build | Dock |
| 0:28 | Build | House |
| 2:21 | Build | Palisade Wall |
| 2:36 | Create | Villager (Male) |
| 2:37 | Create | Villager (Male) |
| 2:37 | Create | Villager (Male) |
| 2:37 | Create | Villager (Male) |
| 3:48 | Create | Fishing Ship |
| 4:14 | Create | Villager (Male) |
| 4:20 | Build | House |
| 4:37 | Create | Villager (Male) |
| 5:07 | Create | Villager (Male) |
| 5:25 | Create | Villager (Male) |
| 5:41 | Create | Fishing Ship |
| 5:47 | Build | House |
| 5:53 | Create | Villager (Male) |
| 5:56 | Build | Palisade Wall |
| 6:15 | Create | Villager (Male) |
| 6:36 | Create | Fishing Ship |
| 6:45 | Create | Villager (Male) |
| 6:45 | Create | Villager (Male) |
| 7:11 | Create | Villager (Male) |
| 7:29 | Create | Fishing Ship |
| 7:34 | Build | House |
| 7:39 | Create | Villager (Male) |
| 7:56 | Build | House |
| 7:58 | Create | Villager (Male) |
| 8:16 | Create | Fishing Ship |
| 8:17 | Create | Villager (Male) |
| 8:26 | Build | House |
| 8:49 | Create | Villager (Male) |
| 8:51 | Create | Villager (Male) |
| 8:51 | Create | Villager (Male) |
| 8:54 | Create | Fishing Ship |
| 9:17 | Create | Fishing Ship |
| 9:42 | Build | Palisade Wall |
| 9:43 | Build | Palisade Wall |
| 9:46 | Create | Villager (Male) |
| 9:54 | Build | Mining Camp |
| 10:18 | Create | Fishing Ship |
| 10:31 | Research | Feudal Age |
| 11:11 | Build | Mill |
| 11:33 | Build | Dock |
| 11:54 | Create | Fishing Ship |
| 12:15 | Create | Fishing Ship |
| 12:23 | Research | Loom |
| 12:23 | Create | Villager (Male) |
| 12:44 | Age | Feudal Age |
| 12:47 | Build | Market |
| 12:50 | Build | Blacksmith |
| 12:57 | Research | Town Watch |
| 13:08 | Build | House |
| 13:11 | Build | Palisade Wall |
| 13:23 | Create | Villager (Male) |
| 13:27 | Create | Fishing Ship |
| 13:50 | Create | Villager (Male) |
| 13:55 | Build | House |
| 13:58 | Build | Palisade Wall |
| 14:15 | Create | Galley |
| 14:22 | Research | Castle Age |
| 14:22 | Research | Castle Age |
| 14:37 | Build | Mining Camp |
| 15:12 | Build | Palisade Wall |
| 15:30 | Create | Galley |
| 16:00 | Create | Galley |
| 16:16 | Create | Galley |
| 16:19 | Research | Fletching |
| 16:24 | Build | Palisade Wall |
| 16:36 | Build | Palisade Wall |
| 16:37 | Build | Palisade Wall |
| 16:39 | Build | Palisade Wall |
| 16:46 | Create | Galley |
| 17:01 | Age | Castle Age |
| 17:05 | Research | Bodkin Arrow |
| 17:07 | Create | Villager (Male) |
| 17:08 | Create | Villager (Male) |
| 17:21 | Build | Dock |
| 17:46 | Create | Galley |
| 17:47 | Create | Villager (Male) |
| 18:05 | Create | Galley |
| 18:14 | Create | Villager (Male) |
| 18:14 | Create | Villager (Male) |
| 18:15 | Create | Villager (Male) |
| 18:17 | Build | House |
| 19:02 | Create | Galley |
| 19:30 | Create | Villager (Male) |
| 19:32 | Build | Lumber Camp |
| 19:45 | Create | Galley |
| 19:46 | Create | Galley |
| 20:01 | Build | Palisade Wall |
| 20:20 | Research | Double-Bit Axe |
| 20:20 | Research | Double-Bit Axe |
| 20:27 | Build | Castle |
| 20:31 | Create | Galley |
| 20:32 | Create | Galley |
| 20:32 | Create | Galley |
| 20:34 | Create | Villager (Male) |
| 20:35 | Create | Villager (Male) |
| 20:35 | Create | Villager (Male) |
| 20:57 | Create | Villager (Male) |
| 21:03 | Create | Galley |
| 21:14 | Create | Galley |
| 21:50 | Create | Villager (Male) |
| 21:51 | Create | Villager (Male) |
| 21:59 | Research | Bow Saw |
| 22:00 | Research | Bow Saw |
| 22:00 | Research | Bow Saw |
| 22:12 | Create | Galley |
| 22:12 | Create | Galley |
| 22:22 | Create | Villager (Male) |
| 22:37 | Create | Villager (Male) |
| 22:51 | Create | Mameluke |
| 23:00 | Create | Villager (Male) |
| 23:13 | Create | Galley |
| 23:16 | Create | Villager (Male) |
| 23:22 | Create | Villager (Male) |
| 23:26 | Build | Town Center |
| 23:42 | Create | Villager (Male) |
| 24:00 | Create | Mameluke |
| 24:05 | Build | Mill |
| 24:25 | Create | Mameluke |
| 24:43 | Research | Horse Collar |
| 24:50 | Create | Villager (Male) |
| 24:59 | Create | Mameluke |
| 25:27 | Create | Mameluke |
| 25:34 | Build | Town Center |
| 25:41 | Create | Villager (Male) |
| 25:41 | Create | Villager (Male) |
| 26:02 | Create | Villager (Male) |
| 26:08 | Build | Siege Workshop |
| 26:12 | Create | Villager (Male) |
| 26:32 | Create | Villager (Male) |
| 26:37 | Research | Heavy Plow |
| 26:53 | Create | Villager (Male) |
| 26:54 | Create | Villager (Male) |
| 26:59 | Build | Monastery |
| 27:03 | Build | Monastery |
| 27:15 | Build | Siege Workshop |
| 27:22 | Create | Villager (Male) |
| 27:22 | Create | Villager (Male) |
| 27:26 | Create | Villager (Male) |
| 27:56 | Create | Villager (Male) |
| 28:00 | Build | Farm |
| 28:01 | Build | Farm |
| 28:02 | Create | Monk |
| 28:04 | Build | House |
| 28:04 | Create | Mangonel |
| 28:18 | Build | House |
| 28:21 | Build | Farm |
Build order — Overcat
123 actions detected in the replay
| 0:08 | Build | Town Center |
| 1:32 | Build | Dock |
| 1:35 | Build | House |
| 1:36 | Build | Palisade Wall |
| 2:28 | Create | Villager (Male) |
| 2:29 | Create | Villager (Male) |
| 2:30 | Create | Villager (Male) |
| 2:35 | Create | Villager (Male) |
| 3:32 | Create | Fishing Ship |
| 4:10 | Research | Loom |
| 4:24 | Create | Villager (Male) |
| 4:25 | Create | Villager (Male) |
| 4:44 | Build | House |
| 4:56 | Create | Villager (Male) |
| 4:56 | Create | Villager (Male) |
| 5:12 | Create | Villager (Male) |
| 5:36 | Create | Villager (Male) |
| 5:44 | Create | Villager (Male) |
| 5:44 | Create | Villager (Male) |
| 5:59 | Create | Fishing Ship |
| 6:00 | Create | Villager (Male) |
| 6:23 | Build | House |
| 6:28 | Create | Villager (Male) |
| 6:59 | Create | Villager (Male) |
| 7:03 | Create | Fishing Ship |
| 7:41 | Create | Villager (Male) |
| 8:06 | Create | Villager (Male) |
| 8:07 | Create | Fishing Ship |
| 8:14 | Build | House |
| 8:57 | Build | Mill |
| 8:58 | Create | Villager (Male) |
| 9:10 | Create | Villager (Male) |
| 9:30 | Build | House |
| 9:56 | Research | Feudal Age |
| 9:57 | Research | Feudal Age |
| 10:10 | Build | Lumber Camp |
| 11:09 | Build | Barracks |
| 11:13 | Build | Barracks |
| 12:01 | Create | Villager (Male) |
| 12:06 | Age | Feudal Age |
| 12:08 | Build | Stable |
| 12:25 | Research | Double-Bit Axe |
| 12:26 | Create | Villager (Male) |
| 12:42 | Create | Villager (Male) |
| 12:44 | Research | Horse Collar |
| 12:51 | Create | Scout Cavalry |
| 12:51 | Create | Scout Cavalry |
| 12:53 | Build | House |
| 13:19 | Create | Villager (Male) |
| 13:20 | Create | Scout Cavalry |
| 13:22 | Build | House |
| 13:29 | Build | Farm |
| 13:39 | Build | Farm |
| 13:45 | Build | Palisade Wall |
| 13:49 | Create | Villager (Male) |
| 13:52 | Build | Farm |
| 13:57 | Build | Palisade Wall |
| 14:00 | Create | Scout Cavalry |
| 14:06 | Build | House |
| 14:15 | Create | Villager (Male) |
| 14:18 | Build | Farm |
| 14:22 | Create | Villager (Male) |
| 14:27 | Create | Villager (Male) |
| 14:45 | Build | House |
| 14:47 | Build | Farm |
| 15:00 | Create | Villager (Male) |
| 15:02 | Build | Farm |
| 15:43 | Create | Villager (Male) |
| 15:58 | Build | Farm |
| 15:58 | Build | Farm |
| 16:09 | Create | Villager (Male) |
| 16:18 | Build | House |
| 16:23 | Create | Unit 2626 |
| 16:26 | Create | Villager (Male) |
| 16:31 | Build | Mining Camp |
| 16:52 | Create | Villager (Male) |
| 16:54 | Build | House |
| 16:55 | Create | Scout Cavalry |
| 17:09 | Build | Farm |
| 17:37 | Create | Villager (Male) |
| 17:38 | Build | Farm |
| 17:51 | Build | Farm |
| 18:05 | Create | Villager (Male) |
| 18:09 | Build | House |
| 18:20 | Create | Villager (Male) |
| 19:01 | Create | Villager (Male) |
| 19:20 | Create | Villager (Male) |
| 19:26 | Build | House |
| 19:32 | Build | Market |
| 19:48 | Create | Unit 2626 |
| 19:59 | Create | Villager (Male) |
| 20:15 | Build | House |
| 20:17 | Build | Palisade Wall |
| 20:38 | Build | Building 804 |
| 20:42 | Research | Castle Age |
| 20:43 | Create | Villager (Male) |
| 20:46 | Build | Stable |
| 21:32 | Build | Mining Camp |
| 21:49 | Build | Lumber Camp |
| 22:07 | Build | Watch Tower |
| 22:11 | Create | Villager (Male) |
| 22:37 | Build | Watch Tower |
| 22:41 | Build | Palisade Wall |
| 22:43 | Build | Palisade Wall |
| 22:55 | Build | Palisade Wall |
| 23:00 | Create | Villager (Male) |
| 23:09 | Create | Villager (Male) |
| 23:22 | Age | Castle Age |
| 23:22 | Build | House |
| 23:32 | Create | Villager (Male) |
| 23:33 | Create | Villager (Male) |
| 23:50 | Create | Shrivamsha Rider |
| 23:51 | Create | Shrivamsha Rider |
| 24:25 | Create | Camel Scout |
| 24:25 | Create | Shrivamsha Rider |
| 24:26 | Create | Shrivamsha Rider |
| 24:26 | Create | Shrivamsha Rider |
| 24:42 | Create | Shrivamsha Rider |
| 24:43 | Create | Villager (Male) |
| 25:06 | Create | Shrivamsha Rider |
| 25:06 | Create | Shrivamsha Rider |
| 29:12 | Create | Scout Cavalry |
| 29:15 | Create | Scout Cavalry |
Build order — CC
First 150 of 329 actions detected
| 0:12 | Build | Town Center |
| 0:48 | Build | Dock |
| 1:25 | Build | House |
| 2:29 | Create | Villager (Male) |
| 2:30 | Create | Villager (Male) |
| 2:30 | Create | Villager (Male) |
| 2:30 | Create | Villager (Male) |
| 3:29 | Create | Fishing Ship |
| 3:29 | Create | Fishing Ship |
| 4:01 | Create | Villager (Male) |
| 4:02 | Create | Villager (Male) |
| 4:14 | Build | House |
| 4:28 | Create | Villager (Male) |
| 5:00 | Create | Villager (Male) |
| 5:01 | Create | Villager (Male) |
| 5:28 | Create | Villager (Male) |
| 5:29 | Create | Fishing Ship |
| 5:30 | Create | Fishing Ship |
| 5:50 | Create | Villager (Male) |
| 5:50 | Create | Villager (Male) |
| 5:57 | Build | House |
| 6:11 | Create | Villager (Male) |
| 6:11 | Create | Villager (Male) |
| 6:21 | Create | Fishing Ship |
| 6:36 | Create | Villager (Male) |
| 6:36 | Create | Villager (Male) |
| 6:50 | Create | Fishing Ship |
| 6:50 | Create | Fishing Ship |
| 6:54 | Create | Villager (Male) |
| 6:54 | Create | Villager (Male) |
| 7:06 | Build | House |
| 7:28 | Create | Villager (Male) |
| 7:28 | Create | Villager (Male) |
| 7:39 | Build | House |
| 7:45 | Create | Villager (Male) |
| 7:45 | Create | Villager (Male) |
| 7:47 | Create | Fishing Ship |
| 7:48 | Create | Fishing Ship |
| 8:05 | Create | Fishing Ship |
| 8:06 | Create | Villager (Male) |
| 8:09 | Build | House |
| 8:36 | Create | Villager (Male) |
| 8:55 | Create | Villager (Male) |
| 9:02 | Build | Dock |
| 9:26 | Create | Villager (Male) |
| 9:28 | Create | Fishing Ship |
| 9:28 | Create | Fishing Ship |
| 9:32 | Build | House |
| 9:42 | Create | Villager (Male) |
| 9:57 | Create | Fishing Ship |
| 9:57 | Create | Fishing Ship |
| 10:05 | Create | Villager (Male) |
| 10:07 | Build | House |
| 10:15 | Create | Fishing Ship |
| 10:15 | Create | Fishing Ship |
| 10:28 | Build | House |
| 10:42 | Build | Lumber Camp |
| 10:50 | Create | Villager (Male) |
| 11:07 | Create | Fishing Ship |
| 11:08 | Create | Fishing Ship |
| 11:15 | Research | Feudal Age |
| 11:16 | Research | Feudal Age |
| 11:37 | Build | Mining Camp |
| 12:13 | Build | House |
| 12:24 | Create | Villager (Male) |
| 12:36 | Research | Loom |
| 13:06 | Build | Mill |
| 13:28 | Age | Feudal Age |
| 13:43 | Create | Fire Galley |
| 13:48 | Build | Market |
| 13:54 | Build | Blacksmith |
| 13:55 | Create | Villager (Male) |
| 14:26 | Create | Fire Galley |
| 14:26 | Create | Fire Galley |
| 14:27 | Create | Fire Galley |
| 14:41 | Research | Castle Age |
| 14:58 | Create | Fire Galley |
| 15:14 | Build | House |
| 15:18 | Build | House |
| 15:20 | Build | House |
| 15:21 | Build | Palisade Wall |
| 15:21 | Build | Palisade Wall |
| 15:25 | Build | Palisade Wall |
| 15:41 | Research | Double-Bit Axe |
| 15:43 | Research | Tech 906 |
| 15:43 | Research | Tech 906 |
| 16:02 | Create | Villager (Male) |
| 16:07 | Build | Palisade Wall |
| 16:13 | Build | Palisade Wall |
| 16:39 | Create | Fire Galley |
| 16:48 | Build | House |
| 16:58 | Create | Fire Galley |
| 16:58 | Create | Fire Galley |
| 17:21 | Age | Castle Age |
| 17:26 | Research | War Galley (upgrade) |
| 17:26 | Research | War Galley (upgrade) |
| 17:35 | Create | Villager (Male) |
| 17:37 | Research | Fletching |
| 17:38 | Build | House |
| 17:44 | Create | Unit 2626 |
| 17:45 | Create | Unit 2626 |
| 17:45 | Create | Unit 2626 |
| 17:51 | Create | Villager (Male) |
| 17:52 | Research | Bow Saw |
| 18:19 | Create | Unit 2626 |
| 18:19 | Create | Unit 2626 |
| 18:26 | Create | Villager (Male) |
| 18:39 | Create | Fire Galley |
| 18:47 | Build | Dock |
| 19:03 | Create | Villager (Male) |
| 19:04 | Create | Unit 2626 |
| 19:05 | Create | Unit 2626 |
| 19:19 | Create | Villager (Male) |
| 19:23 | Create | Fire Galley |
| 19:23 | Create | Fire Galley |
| 19:31 | Create | Villager (Male) |
| 19:45 | Build | House |
| 19:46 | Create | Fire Galley |
| 19:46 | Create | Fire Galley |
| 19:56 | Create | Fire Galley |
| 19:56 | Create | Fire Galley |
| 20:02 | Create | Villager (Male) |
| 20:09 | Build | Town Center |
| 20:32 | Create | Villager (Male) |
| 20:48 | Create | Villager (Male) |
| 20:54 | Create | Villager (Male) |
| 20:58 | Create | Villager (Male) |
| 21:03 | Build | Town Center |
| 21:06 | Create | Villager (Male) |
| 21:12 | Create | Villager (Male) |
| 21:15 | Create | Villager (Male) |
| 21:40 | Create | Unit 2626 ×2 |
| 21:40 | Create | Unit 2626 ×2 |
| 21:51 | Create | Villager (Male) |
| 21:51 | Create | Villager (Male) |
| 22:03 | Create | Unit 2626 |
| 22:04 | Create | Villager (Male) |
| 22:17 | Create | Unit 2626 ×3 |
| 22:17 | Create | Unit 2626 ×3 |
| 22:38 | Create | Villager (Male) |
| 22:40 | Create | Villager (Male) |
| 22:45 | Create | Fire Galley ×3 |
| 22:46 | Create | Fire Galley ×3 |
| 22:53 | Create | Villager (Male) |
| 22:53 | Create | Villager (Male) |
| 23:02 | Create | Fire Galley ×2 |
| 23:04 | Create | Villager (Male) |
| 23:08 | Create | Villager (Male) |
| 23:08 | Create | Villager (Male) |
| 23:09 | Create | Villager (Male) |
Match timeline
| 0:24 | OX · first_building Dock |
| 0:34 | VIPN@U · first_building Dock |
| 0:48 | CC · first_building Dock |
| 1:15 | 3046964519 · first_building Dock |
| 1:16 | 我本邪恶 · first_building Dock |
| 1:32 | Overcat · first_building Dock |
| 1:36 | Overcat · wall_segment Palisade Wall x1 |
| 1:40 | Kanon · first_building Dock |
| 1:47 | Thunder · first_building Dock |
| 2:21 | OX · wall_segment Palisade Wall x1 |
| 4:37 | VIPN@U · wall_segment Palisade Wall x1 |
| 5:56 | OX · wall_segment Palisade Wall x1 |
| 6:16 | Kanon · wall_segment Palisade Wall x1 |
| 6:19 | Kanon · wall_segment Palisade Wall x1 |
| 6:47 | Kanon · wall_segment Palisade Wall x1 |
| 6:57 | VIPN@U · wall_segment Palisade Wall x1 |
| 6:58 | Thunder · wall_segment Palisade Wall x1 |
| 7:01 | Thunder · wall_segment Palisade Wall x1 |
| 7:02 | VIPN@U · wall_segment Palisade Wall x1 |
| 7:14 | Thunder · wall_segment Palisade Wall x1 |
| 9:42 | OX · wall_segment Palisade Wall x8 |
| 9:43 | OX · wall_segment Palisade Wall x4 |
| 10:13 | Kanon · wall_segment Palisade Wall x1 |
| 10:14 | Kanon · wall_segment Palisade Wall x1 |
| 10:14 | Kanon · wall_segment Palisade Wall x1 |
| 10:17 | Kanon · wall_segment Palisade Wall x1 |
| 10:18 | Kanon · wall_segment Palisade Wall x1 |
| 10:19 | Kanon · wall_segment Palisade Wall x1 |
| 10:20 | Kanon · wall_segment Palisade Wall x1 |
| 10:20 | Kanon · wall_segment Palisade Wall x1 |
| 10:20 | Kanon · wall_segment Palisade Wall x1 |
| 10:22 | Thunder · wall_segment Palisade Wall x3 |
| 10:27 | Thunder · wall_segment Palisade Wall x5 |
| 11:09 | Overcat · first_building Barracks |
| 11:20 | VIPN@U · age_up feudal |
| 12:06 | Overcat · age_up feudal |
| 12:08 | Overcat · first_building Stable |
| 12:23 | 3046964519 · age_up feudal |
| 12:44 | OX · age_up feudal |
| 13:08 | 我本邪恶 · age_up feudal |
| 13:11 | OX · wall_segment Palisade Wall x2 |
| 13:14 | Kanon · first_building Barracks |
| 13:28 | CC · age_up feudal |
| 13:28 | Thunder · wall_segment Palisade Wall x6 |
| 13:36 | Kanon · age_up feudal |
| 13:45 | Overcat · wall_segment Palisade Wall x1 |
| 13:57 | Overcat · wall_segment Palisade Wall x5 |
| 13:58 | OX · wall_segment Palisade Wall x2 |
| 14:40 | CC · first_market_sell 100 stone |
| 14:55 | Thunder · age_up feudal |
| 15:08 | Kanon · wall_segment Palisade Wall x1 |
| 15:09 | 3046964519 · wall_segment Palisade Wall x1 |
| 15:12 | OX · wall_segment Palisade Wall x1 |
| 15:21 | CC · wall_segment Palisade Wall x1 |
| 15:21 | Kanon · wall_segment Palisade Wall x1 |
| 15:21 | CC · wall_segment Palisade Wall x1 |
| 15:25 | CC · wall_segment Palisade Wall x1 |
| 15:26 | Kanon · wall_segment Palisade Wall x1 |
| 15:27 | Kanon · wall_segment Palisade Wall x1 |
| 15:28 | Kanon · wall_segment Palisade Wall x1 |
| 15:30 | Kanon · wall_segment Palisade Wall x1 |
| 15:32 | Thunder · wall_segment Palisade Wall x1 |
| 15:33 | Thunder · wall_segment Palisade Wall x1 |
| 15:34 | Kanon · wall_segment Palisade Wall x1 |
| 15:36 | Thunder · wall_segment Palisade Wall x1 |
| 15:37 | Thunder · wall_segment Palisade Wall x1 |
| 15:39 | Thunder · wall_segment Palisade Wall x1 |
| 15:39 | Kanon · wall_segment Palisade Wall x1 |
| 15:40 | Thunder · wall_segment Palisade Wall x1 |
| 15:42 | Thunder · wall_segment Palisade Wall x1 |
| 15:46 | Kanon · first_building Archery Range |
| 16:03 | Kanon · wall_segment Palisade Wall x1 |
| 16:04 | Kanon · wall_segment Palisade Wall x1 |
| 16:07 | CC · wall_segment Palisade Wall x9 |
| 16:13 | CC · wall_segment Palisade Wall x6 |
| 16:24 | OX · wall_segment Palisade Wall x4 |
| 16:36 | OX · wall_segment Palisade Wall x1 |
| 16:37 | OX · wall_segment Palisade Wall x1 |
| 16:39 | OX · wall_segment Palisade Wall x1 |
| 16:55 | 我本邪恶 · first_market_buy 100 stone |
| 16:58 | 我本邪恶 · age_up castle |
| 17:01 | OX · age_up castle |
| 17:06 | 我本邪恶 · first_building Castle |
| 17:13 | Kanon · wall_segment Palisade Wall x1 |
| 17:14 | Kanon · wall_segment Palisade Wall x1 |
| 17:16 | Kanon · wall_segment Palisade Wall x1 |
| 17:16 | Kanon · wall_segment Palisade Wall x1 |
| 17:19 | Kanon · wall_segment Palisade Wall x1 |
| 17:20 | Kanon · wall_segment Palisade Wall x2 |
| 17:21 | Kanon · wall_segment Palisade Wall x1 |
| 17:21 | CC · age_up castle |
| 18:53 | Thunder · age_up castle |
| 18:56 | Thunder · first_building Castle |
| 19:10 | Thunder · first_building Siege Workshop |
| 19:41 | Kanon · age_up castle |
| 19:44 | OX · first_market_buy 100 wood |
| 19:44 | OX · first_market_sell 100 food |
| 20:01 | OX · wall_segment Palisade Wall x1 |
| 20:05 | Kanon · wall_segment Palisade Wall x1 |
| 20:07 | Kanon · wall_segment Palisade Wall x1 |
| 20:17 | Overcat · wall_segment Palisade Wall x2 |
| 20:18 | Thunder · wall_segment Palisade Wall x1 |
| 20:27 | OX · first_building Castle |
| 20:39 | Thunder · first_market_sell 100 stone |
| 20:41 | Thunder · first_market_buy 100 wood |
| 21:00 | CC · first_market_buy 100 stone |
| 21:24 | VIPN@U · age_up castle |
| 21:31 | 我本邪恶 · first_building Siege Workshop |
| 21:37 | 3046964519 · wall_segment Palisade Wall x1 |
| 21:48 | 3046964519 · age_up castle |
| 22:26 | VIPN@U · first_building Castle |
| 22:37 | Kanon · first_building Siege Workshop |
| 22:41 | Overcat · wall_segment Palisade Wall x1 |
| 22:43 | Overcat · wall_segment Palisade Wall x3 |
| 22:55 | Overcat · wall_segment Palisade Wall x1 |
| 23:22 | Overcat · age_up castle |
| 24:52 | VIPN@U · first_market_buy 100 wood |
| 25:57 | 我本邪恶 · first_building Monastery |
| 26:08 | OX · first_building Siege Workshop |
| 26:11 | Kanon · first_market_buy 100 food |
| 26:24 | 3046964519 · first_market_buy 100 stone |
| 26:38 | CC · wall_segment Stone Wall x1 |
| 26:39 | CC · wall_segment Stone Wall x1 |
| 26:44 | CC · wall_segment Stone Wall x1 |
| 26:49 | CC · wall_segment Stone Wall x1 |
| 26:59 | OX · first_building Monastery |
| 29:59 | 3046964519 · first_building Barracks |
| 29:59 | Overcat · resign |
| 30:28 | Kanon · first_market_sell 100 stone |
| 30:29 | 3046964519 · first_building Monastery |
| 30:35 | 3046964519 · first_building Stable |
| 30:56 | Thunder · age_up imperial |
| 31:15 | CC · first_building Siege Workshop |
| 31:16 | CC · first_building Monastery |
| 31:46 | CC · first_building Barracks |
| 32:05 | CC · first_building Castle |
[ AI ANALYSIS · 1 CREDIT ]
What really happened in this match?
Wolo.gg analyzes every decision: build order, eco, micro, common mistakes by bracket. Personalized analysis on WhatsApp or Discord in 30 seconds.
Civ guide
Wei
Perfil
Jugador #811511